AoeStats
← saksafon calan penguen

Arena

508874549Analyzed
1v1 RM · 9d ago on Sep 24, 2026· 44m 23s· 2 players
Game mode
Random Map
Map size
Tiny (2 player)
Population
200
Speed
Normal
Resources
Standard
Victory
Conquest
Starting age
Dark Age
Ending age
Imperial Age
RankedLock teamsTeams togetherTeam positionsShared explorationLock speedFull tech treeHidden civsTurbo modeCheats
Victory
Defeat
🇹🇷 Huns · Türkiye
788
+15
🇸🇪 Varangians · Sweden
775
-15
Perkele303
5:15 Loom
9:40 Feudal Age
9:48 Man-at-Arms
10:29 Arson
10:43 Double-Bit Axe
16:48 Horse Collar
21:16 Castle Age
23:58 Scale Barding Armor
24:22 Heavy Plow
33:32 Imperial Age
31:58 Scale Mail Armor
32:08 Forging
32:20 Chain Barding Armor
31:53 Fletching
32:19 Gold Mining
35:19 Gambesons
35:12 Elite Varangian Guard
38:17 Cranequins
40:25 Squires
40:23 Pikeman
40:49 Heavy Scorpion
42:25 Wheelbarrow
saksafon calan penguen
6:54 Loom
11:17 Feudal Age
19:29 Castle Age
17:47 Horse Collar
18:07 Double-Bit Axe
18:40 Fletching
20:13 Bloodlines
21:22 Bodkin Arrow
21:29 Padded Archer Armor
24:09 Husbandry
26:28 Heavy Plow
28:18 Ballistics
29:56 Leather Archer Armor
31:46 Forging
31:42 Scale Barding Armor
35:49 Imperial Age
34:15 Wheelbarrow
33:26 Town Watch
34:59 Iron Casting
34:45 Chain Barding Armor
34:33 Marauders
35:20 Hand Cart
35:51 Murder Holes
36:26 Elite Tarkan
37:29 Conscription
39:19 Chemistry
38:22 Bracer
39:05 Parthian Tactics
39:54 Heavy Cavalry Archer
41:34 Town Patrol
42:44 Blast Furnace
42:30 Plate Barding Armor
Connection lost

Rejoining the realm…

Still unreachable

The connection could not be restored.

Session expired

The server has moved on; the page needs a fresh start.